 Dungeon Sprint DCSS version 0.22-b1-26-g9dbaab1 (webtiles) character file.

70 Lilu the Destroyer (level 4, -20/24 HPs)
             Began as a Deep Elf Conjurer on Aug 6, 2018.
             Was an Initiate of Vehumet.
             Demolished by a two-headed ogre
             ... wielding a +0 giant club
              (25 damage)
             ... in the Dungeon (Sprint IX: "|||||||||||||||||||||||||||||").
             The game lasted 00:04:16 (747 turns).

Lilu the Destroyer (Deep Elf Conjurer)               Turns: 747, Time: 00:04:18

Health: -20/24     AC:  6    Str:  5    XL:     4   Next: 3%
Magic:  3/10       EV: 13    Int: 21    God:    Vehumet [......]
Gold:   0          SH:  0    Dex: 18    Spells: 3/9 levels left

rFire    . . .     SeeInvis .   o - +8 mithril axe "Arga" {speed, MR+}
rCold    . . .     Gourm    .   (no shield)
rNeg     . . .     Faith    .   a - +0 robe
rPois    .         Spirit   .   (no helmet)
rElec    .         Reflect  .   (no cloak)
rCorr    .         Harm     .   q - +0 pair of gloves
MR       +....     NoTele   +   p - +0 pair of boots
Stlth    ++........             (no amulet)
HPRegen  0.08/turn              d - +3 ring of dexterity
MPRegen  0.12/turn              r - +2 ring of protection

@: no status effects
A: no striking features
a: Renounce Religion


You were in the Dungeon.
You worshipped Vehumet.
Vehumet was noncommittal.
You were not hungry.

You visited 1 branch

Inventory:

Hand Weapons
 o - the +8 mithril axe "Arga" (weapon) {speed, MR+}
   (You found it in the Dungeon)

   Attacks with this weapon are significantly faster.
   It affects your resistance to hostile enchantments.
Armour
 a - a +0 robe (worn)
 p - a +0 pair of boots (worn)
 q - a +0 pair of gloves (worn)
Magical Staves
 n - an uncursed staff of energy
Jewellery
 d - a +3 ring of dexterity (left hand)
 r - a +2 ring of protection (right hand)
Wands
 m - a wand of acid (10)
Scrolls
 i - 2 scrolls of blinking
 k - 3 scrolls of remove curse
 l - 2 scrolls of amnesia
Potions
 e - a potion of invisibility
 f - 2 potions of heal wounds
 g - 3 potions of magic
 h - a potion of berserk rage
 j - 4 potions of curing
Comestibles
 c - a ration


   Skills:
 - Level 2.4 Dodging
 - Level 2.4 Stealth
 - Level 3.0 Spellcasting
 + Level 9.7 Conjurations


You had 3 spell levels left.
You knew the following spells:

 Your Spells              Type           Power        Failure   Level  Hunger
a - Magic Dart            Conj           ####         1%          1    None
b - Searing Ray           Conj           #####.       1%          2    ##.....
c - Dazzling Spray        Conj/Hex       ###...       5%          3    ###....

Your spell library contained the following spells:

 Spells                   Type           Power        Failure   Level  Hunger
 Iskenderun's Mystic Bla  Conj           #####...     2%          4    ####...
 Fulminant Prism          Conj/Hex       ###.......   19%         4    ####...
 Force Lance              Conj/Tloc      ###.....     19%         4    ####...


Dungeon Overview and Level Annotations

Branches:
Dungeon (1/1)

Altars:
Cheibriados
Dithmenos
Elyvilon
Fedhas
Gozag
Hepliaklqana
Kikubaaqudgha
Makhleb
Nemelex Xobeh
Okawaru
Qazlal
Ru
Sif Muna
Trog
Uskayaw
Vehumet
Wu Jian
Xom
Yredelemnul
Zin
The Shining One
Beogh
Jiyva
Lugonu


Message History

Items here: ))))) a +2 scimitar of holy wrath; a +4 quarterstaff of draining a +2 halberd of venom; a +2 morningstar of crushing; a +2 rapier of distortion
There is an open door here.
Casting: Searing Ray (safe; 1% risk of failure)
Confirm with . or Enter, or press ? or * to list all spells.
Aiming: Searing Ray (safe; 1% risk of failure)
Press: ? - help, Shift-Dir - straight line, f - two-headed ogre
Aim: a two-headed ogre, wielding two giant clubs The searing ray hits the two-headed ogre.
The two-headed ogre is lightly wounded. (Press . to maintain the ray.)
The searing ray hits the two-headed ogre.
The two-headed ogre is moderately wounded.
The two-headed ogre hits you with a giant club!!
Ouch! That really hurt!
* * * LOW HITPOINT WARNING * * *
The two-headed ogre hits you with a giant club!!
Ouch! That really hurt!
You die...

▓_▓
▓_▓
▓_▓
▓_▓
▓_▓
▓_▓
▓_▓
▓_▓
▓@▓
▓O▓
▓h▓
▓.▓
▓H▓
▓.▓
▓O▓
▓l▓
▓)▓


You could see 2 two-headed ogres, a hippogriff, a black bear and a wyvern.

Vanquished Creatures
  A crimson imp (D)
  3 adders (D)
  A leopard gecko (D)
  A bat skeleton (D)
  A giant cockroach (D)
  A hobgoblin (D)
  A kobold (D)
  A bat (D)
  A frilled lizard (D)
11 creatures vanquished.

Notes
Turn   | Place    | Note
-------+----------+-------------------------------------------
     0 | D        | Lilu the Deep Elf Conjurer began the quest for the Orb.
     0 | D        | Reached XP level 1. HP: 10/10 MP: 6/6
     8 | D        | Reached skill level 5 in Conjurations
   163 | D        | Reached skill level 6 in Conjurations
   435 | D        | Noticed a crimson imp
   453 | D        | Reached skill level 7 in Conjurations
   453 | D        | Reached XP level 2. HP: 12/15 MP: 1/8
   460 | D        | Killed a crimson imp
   460 | D        | Reached skill level 9 in Conjurations
   460 | D        | Reached XP level 3. HP: 7/19 MP: 3/9
   599 | D        | Found a roughly hewn altar of Beogh.
   599 | D        | Found a snail-covered altar of Cheibriados.
   599 | D        | Found a shadowy altar of Dithmenos.
   599 | D        | Found a white marble altar of Elyvilon.
   599 | D        | Found a blossoming altar of Fedhas.
   599 | D        | Found an opulent altar of Gozag.
   600 | D        | Found a hazy altar of Hepliaklqana.
   601 | D        | Found a viscous altar of Jiyva.
   602 | D        | Found an ancient bone altar of Kikubaaqudgha.
   603 | D        | Found a corrupted altar of Lugonu.
   604 | D        | Found a burning altar of Makhleb.
   605 | D        | Found a sparkling altar of Nemelex Xobeh.
   606 | D        | Found an iron altar of Okawaru.
   607 | D        | Found a stormy altar of Qazlal.
   608 | D        | Found a sacrificial altar of Ru.
   609 | D        | Found a deep blue altar of Sif Muna.
   610 | D        | Found a bloodstained altar of Trog.
   611 | D        | Found a hide-covered altar of Uskayaw.
   612 | D        | Found a radiant altar of Vehumet.
   613 | D        | Found an ornate altar of the Wu Jian Council.
   614 | D        | Found a shimmering altar of Xom.
   615 | D        | Found a basalt altar of Yredelemnul.
   616 | D        | Found a glowing silver altar of Zin.
   617 | D        | Found a glowing golden altar of the Shining One.
   662 | D        | Became a worshipper of Vehumet
   678 | D        | Found the +8 mithril axe "Arga" {speed, MR+}
   709 | D        | Learned a level 2 spell: Searing Ray
   714 | D        | Learned a level 3 spell: Dazzling Spray
   733 | D        | Noticed a two-headed ogre
   733 | D        | Noticed a black bear
   733 | D        | Noticed a hippogriff
   733 | D        | Noticed a two-headed ogre
   733 | D        | Noticed a wyvern
   736 | D        | Reached XP level 4. HP: 24/24 MP: 6/10
   747 | D        | Demolished by a two-headed ogre

Skill      XL: |  1  2 |
---------------+-------+-----
Conjurations   | 7 9 |  9.7
Dodging        | |  2.4
Stealth        | |  2.4
Spellcasting   | |  3.0

Action                   |  1- 3 |  4- 6 || total
-------------------------+-------+-------++-------
Melee: Club              |     6 |       ||     6
 Cast: Magic Dart        |    21 |       ||    21
       Searing Ray       |     1 |     1 ||     2
  Use: Potion            |     4 |       ||     4
Armor: Robe              |     2 |       ||     2
Dodge: Dodged            |    17 |       ||    17
